 Dungeon Sprint DCSS version 0.29.1-2-gbd0b4ee654 (webtiles) character file.

Game seed: 11504527736952732988

109 Zeld the Chopper (level 4, -1/44 HPs)
             Began as a Minotaur Berserker on Nov 1, 2022.
             Was a Follower of Trog.
             Killed from afar by Sigmund (7 damage)
             ... with a magic dart
             ... in the Dungeon (Sprint I: "Red Sonja").
             The game lasted 00:00:31 (495 turns).

Zeld the Chopper (Minotaur Berserker)                Turns: 495, Time: 00:00:31

Health: -1/44      AC:  2    Str: 24    XL:     4   Next: 60%
Magic:  3/3        EV: 13    Int:  4    God:    Trog [*.....]
Gold:   0          SH:  0    Dex:  9    Spells: 3/3 levels left

rFire   . . .      SeeInvis .   a - +0 hand axe
rCold   . . .      Faith    .   (no shield)
rNeg    . . .      Spirit   .   b - +0 animal skin
rPois   .          Reflect  .   (helmet restricted)
rElec   .          Harm     .   (no cloak)
rCorr   .          Rampage  .   (no gloves)
Will    .....      NoTele   +   (no boots)
Stlth   +.........              (no amulet)
HPRegen 0.14/turn               (no ring)
MPRegen 0.08/turn               (no ring)

@: on berserk cooldown, slowed, very slow
A: horns 2, retaliatory headbutt
a: Renounce Religion, Berserk


You were in the Dungeon.
You worshipped Trog.
Trog was aware of your devotion.
You visited 1 branch

Inventory:

Hand Weapons
 a - a +0 hand axe (weapon)
Armour
 b - a +0 animal skin (worn)
Scrolls
 h - a scroll of blinking
Potions
 e - a potion of haste
 f - 2 potions of magic
 g - a potion of berserk rage


   Skills:
 + Level 6.1 Fighting
 * Level 7.9 Axes
 + Level 5.4 Armour
 + Level 4.9 Dodging


You had 3 spell levels left.
You didn't know any spells.
Your spell library was empty.

Dungeon Overview and Level Annotations

Branches:
Dungeon (1/1)

Altars:

Annotations:
D Sigmund


Innate Abilities, Weirdness & Mutations

You have a pair of horns on your head.
You reflexively headbutt those who attack you in melee.


Message History

You see here a +0 giant spiked club.
You open the door.
You start waiting.
Sigmund the Dreaded comes into view.
He is wielding a +0 scythe.
Sigmund shouts!
Sigmund gestures at you while chanting. The magic dart hits you.
You open the door.
Sigmund mumbles some strange words.
Sigmund flickers and vanishes!
Deactivating autopickup; reactivate with Ctrl-A.
Found 54 gold pieces.
There is a strange disturbance nearby!
Something hits you.
There is an open door here.
A red film seems to cover your vision as you go berserk!
You feel yourself moving faster!
You feel mighty!
You feel a strong urge to attack something.
You hear some strange, mumbled words.
You are confused.
You hit something. Something hits you!
You closely miss something. You closely miss something.
Your headbutt misses something. Something hits you!
You closely miss something. Your headbutt misses something.
You closely miss something.
You bump into the closed door.
Something hits you!
You bump into the closed door.
You feel a strong urge to attack something.
You are no longer berserk.
You are exhausted.
You feel yourself slow down.
You feel less confused. Something hits you. Something hits you!
* * * LOW HITPOINT WARNING * * *
You hit something. Your headbutt misses something.
You hear some strange, mumbled words.
A magic dart appears from out of thin air!
The magic dart hits you!
You die...

#############
#<.#..)..#@{+
#.)'..#..'..#
#..#####'####
#..# #$$#
#..# ####
#..# #⌠⌠#
####


There were no monsters in sight!

Vanquished Creatures
  An ogre (D)
  Ijyb (D)
2 creatures vanquished.

Notes
Turn   | Place    | Note
-------+----------+-------------------------------------------
     0 | D        | Zeld the Minotaur Berserker began the quest for the Orb.
     0 | D        | Reached XP level 1. HP: 19/19 MP: 0/0
     1 | D        | Noticed Ijyb
    23 | D        | Killed Ijyb
    24 | D        | Reached skill level 5 in Axes
    24 | D        | Reached XP level 2. HP: 3/28 MP: 1/1
   400 | D        | Noticed an ogre
   403 | D        | Killed an ogre
   404 | D        | Reached skill level 7 in Axes
   404 | D        | Reached skill level 5 in Armour
   404 | D        | Reached XP level 3. HP: 37/37 MP: 2/2
   404 | D        | Reached XP level 4. HP: 44/44 MP: 3/3
   480 | D        | Noticed Sigmund
   495 | D        | Killed from afar by Sigmund

Illustrated notes

Levels and vault maps discovered:
D:        dungeon_sprint_1 [red_sonja_temple_1, red_sonja_temple_small_1]

Skill      XL: |  1  2 |
---------------+-------+-----
Fighting       | 4 6 |  6.1
Axes           | 5 7 |  7.9
Armour         | 3 5 |  5.4
Dodging        | 3 4 |  4.9

Action                   |  1- 3 |  4- 6 || total
-------------------------+-------+-------++-------
Melee: Hand axe          |    13 |     6 ||    19
       Headbutt          |     2 |       ||     2
       Punch             |     1 |       ||     1
Invok: Berserk           |     2 |     1 ||     3
  Use: Potion            |     2 |       ||     2
Armor: Animal skin       |     1 |       ||     1
Dodge: Dodged            |     4 |       ||     4
